 Dungeon Crawl Stone Soup version 0.30-a0-989-g0d87f670db (webtiles) character file.

Game seed: 5552905899642214227

183 Zeldest the Conjurer (level 6, -2/51 HPs)
             Began as a Meteoran Reaver on Apr 4, 2023.
             Slain by a gnoll
             ... wielding a +0 spear
              (5 damage)
             ... on level 4 of the Dungeon.
             The game lasted 00:08:01 (1425 turns).

Zeldest the Conjurer (Meteoran Reaver)              Turns: 1425, Time: 00:08:02

Health: -2/51      AC:  4    Str: 15    XL:     6   Next: 17%
Magic:  0/12       EV: 12    Int: 16    God:
Gold:   118        SH:  0    Dex: 12    Spells: 6/11 levels left

rFire   . . .      SeeInvis .    a - +0 falchion
rCold   . . .      Faith    .    (no shield)
rNeg    . . .      Spirit   +    b - +0 leather armour
rPois   .          Reflect  .    n - +0 helmet
rElec   .          Rampage  .    (no cloak)
rCorr   .                        (no gloves)
Will    .....                    (no boots)
Stlth   +                        j - amulet of guardian spirit
HPRegen 0.28/turn                (no ring)
MPRegen 0.13/turn                (no ring)

@: glowing
A: sense surroundings 1, otherworldly, glowing, explore regen
a: no special abilities


You were on level 4 of the Dungeon.
You visited 1 branch of the dungeon, and saw 5 of its levels.

You collected 118 gold pieces.

Inventory:

Hand Weapons
 a - a +0 falchion (weapon)
Missiles
 i - 3 poisoned darts (quivered)
Armour
 b - a +0 leather armour (worn)
 n - a +0 helmet (worn)
 q - a +0 kite shield
Jewellery
 j - an amulet of guardian spirit (around neck)
Scrolls
 c - 2 scrolls of teleportation
 h - a scroll of poison {unknown}
 l - 2 scrolls of noise {unknown}
 m - a scroll of identify
 p - a scroll of immolation {unknown}
 r - a scroll of blinking {unknown}
 t - a scroll of fog {unknown}
Potions
 d - 2 potions of resistance {unknown}
 e - 3 potions of curing
 f - a potion of brilliance {unknown}
 g - a potion of heal wounds {unknown}
 k - 2 potions of haste {unknown}
 o - a potion of degeneration {unknown}
 s - a potion of magic {unknown}


   Skills:
 + Level 3.5 Fighting
 - Level 3.6 Long Blades
 - Level 2.4 Dodging
 * Level 1.2 Unarmed Combat
 - Level 3.4 Spellcasting
 - Level 4.0 Conjurations
 - Level 2.6 Summonings
 * Level 1.1 Transmutations
 - Level 2.6 Ice Magic


You had 6 spell levels left.
You knew the following spells:

 Your Spells              Type           Power      Damage    Failure   Level
a - Kiss of Death         Conj/Necr      36%        2d8       10%         1
b - Summon Ice Beast      Ice/Summ       11%        N/A       58%         4

Your spell library contained the following spells:

 Spells                   Type           Power      Damage    Failure   Level
 Momentum Strike          Conj/Tloc      18%        3d8       14%         2
 Hailstorm                Conj/Ice       13%        3d5       17%         3
 Inner Flame              Hex/Fire       2%         N/A       54%         3
 Ice Form                 Ice/Tmut       8%         N/A       71%         4
 Cause Fear               Hex            1%         N/A       91%         4
 Irradiate                Conj/Tmut      5%         3d13      91%         5
 Blade Hands              Tmut           3%         N/A       98%         5
 Dragon Form              Tmut           3%         N/A       100%        7
 Discord                  Hex            1%         N/A       100%        8


Dungeon Overview and Level Annotations

Branches:
Dungeon (5/15) Zot: 1554
 Temple: D:4-7

Altars:


Innate Abilities, Weirdness & Mutations

You passively map a small area around you.
You are easily found by Zot.
You glow in the dark.
You regain HP and MP as you explore.


Message History

You hit the nameless horror but do no damage.
The nameless horror hits you but does no damage.
The gnoll hits you from afar with a +0 spear.
You hit the nameless horror but do no damage.
The nameless horror barely misses you.
The gnoll hits you from afar with a +0 spear.
You hit the nameless horror but do no damage.
The nameless horror hits you.
You feel your power leaking away.
The gnoll hits you from afar with a +0 spear.
You hit the nameless horror but do no damage.
The nameless horror hits you but does no damage.
The gnoll hits you from afar with a +0 spear.
The nameless horror barely misses you.
Your magical contamination has completely faded away.
You hit the nameless horror.
The nameless horror is lightly damaged.
The gnoll misses you. The nameless horror hits you.
You feel your power leaking away. The gnoll barely misses you.
You hit the nameless horror but do no damage.
The nameless horror is lightly damaged.
The nameless horror closely misses you.
The gnoll hits you from afar with a +0 spear!
The gnoll shouts!
You hit the nameless horror but do no damage.
The nameless horror is lightly damaged.
The nameless horror hits you.
The gnoll hits you from afar with a +0 spear.
You hit the nameless horror but do no damage.
The nameless horror is lightly damaged.
The nameless horror hits you but does no damage.
The gnoll closely misses you.
As you read the scroll labelled LIOGETW ALESM, it crumbles to dust.
It is a scroll of identify.
c - 2 scrolls of teleportation The nameless horror hits you!
* * * LOW HITPOINT WARNING * * *
The gnoll hits you from afar with a +0 spear.
You die...

#.b~## *, #~~.#. ...#
.~..#. * , .... ~##.#. ,
...# ## ##. ** * *#..,
### * ... #.# #.#, #..,
*#.# #.#.#.# #.#* .+* #.#
#.#.#.#,# #.# *, * ... *
#@# #...#.#.# #.# * ....
* #X###.###.#.# #.##
.g.?. #g##........# #.##
......##g........#####.#.
,
g.....'.g................
......####†....#########.
..>..* #...#.# #.....# *
.... #.#..># #.###.# *
..>* #.##..# *##.#


You could see a nameless horror and 3 gnolls.

Vanquished Creatures
  A black bear (D:4)
  A hound (D:4)
  2 adders (D:4)
  2 dart slugs
  5 ball pythons
  3 endoplasms
  3 giant cockroaches
  5 goblins
  3 hobgoblins (D:1)
  3 jackals (D:1)
  A quokka (D:1)
  A bat (D:2)
  2 frilled lizards (D:1)
  4 kobolds
  3 rats
39 creatures vanquished.

Vanquished Creatures (others)
  15 fungi (D:4)
15 creatures vanquished.

Grand Total: 54 creatures vanquished

Notes
Turn   | Place    | Note
-------+----------+-------------------------------------------
     0 | D:1      | Zeldest the Meteoran Reaver began the quest for the Orb.
     0 | D:1      | Reached XP level 1. HP: 17/17 MP: 5/5
    95 | D:1      | Reached XP level 2. HP: 13/22 MP: 6/6
   268 | D:1      | Reached skill level 4 in Conjurations
   275 | D:1      | Reached XP level 3. HP: 17/28 MP: 8/8
   321 | D:1      | Got the Incunabulum of Hypothermia
   634 | D:4      | Reached skill level 1 in Ice Magic
   667 | D:4      | Reached XP level 4. HP: 17/37 MP: 10/10
   676 | D:4      | Learned a level 4 spell: Summon Ice Beast
   870 | D:4      | Noticed a black bear
   882 | D:4      | Killed a black bear
   883 | D:4      | Reached XP level 5. HP: 9/45 MP: 1/11
  1336 | D:4      | Reached skill level 1 in Unarmed Combat
  1336 | D:4      | Reached skill level 1 in Transmutations
  1336 | D:4      | Reached XP level 6. HP: 48/51 MP: 12/12
  1398 | D:5      | Entered Level 5 of the Dungeon
  1408 | D:4      | Noticed a nameless horror
  1425 | D:4      | Slain by a gnoll

Illustrated notes

Levels and vault maps discovered:
D:1:      dpeg_arrival_rooms_a, layout_loops_corners, minmay_misc_feat_tiny
D:2:      layout_loops_ring, shapermc_ecumenical_altar_petra, uniq_sigmund,
          uniq_terence
D:3:      layout_basic, serial_park_tiny_2
D:4:      layout_loops_corners, serial_aquarium, aquarium_bridge_square
          [aquarium_subvault_balcony, aquarium_subvault_bridge,
          aquarium_subvault_wall, aquarium_subvault_wall], aquarium_window_fake,
          aquarium_window_corridor_1, aquarium_window_corner, aquarium_view_2g,
          aquarium_balcony_double_4
D:5:      layout_basic, nicolae_overflow_hallway_of_the_gods

Skill      XL: |  1  2  3  4  5 |
---------------+----------------+-----
Spellcasting   | 3 |  3.4
Conjurations   | 4 |  4.0
Ice Magic      | 1 2 |  2.6
Fighting       | 3 |  3.5
Summonings     | 2 |  2.6
Unarmed Combat | 1 |  1.2
Transmutations | 1 |  1.1
Long Blades    | |  3.6
Dodging        | |  2.4

Action                     |  1- 3 |  4- 6 || total
---------------------------+-------+-------++-------
  Melee: Falchion          |   114 |    57 ||   171
         Punch             |     1 |       ||     1
  Throw: Dart              |       |     4 ||     4
   Cast: Kiss of Death     |     1 |     1 ||     2
    Use: Scroll            |       |     1 ||     1
         Potion            |       |     1 ||     1
 Armour: Leather armour    |    38 |    24 ||    62
  Dodge: Dodged            |    67 |    42 ||   109

Table legend: (Time is in decaauts)
 A = Elapsed time spent in this place.
 B = Non-inter-level travel time spent in this place.
 C = Inter-level travel time spent in this place.
 D = Time resting spent in this place.
 E = Time spent auto-exploring this place.
 F = Levels seen in this place.
 G = Mean time per level.
                   A        B        C        D        E       F      G
               +--------+--------+--------+--------+--------+-----+--------+
         Total |   1444 |   1392 |     52 |      0 |      0 |   5 |  288.8 |
       Dungeon |   1444 |   1392 |     52 |      0 |      0 |   5 |  288.8 |
               +--------+--------+--------+--------+--------+-----+--------+

Top non-repeatable levels by time:
     D:4: 703 daAuts
     D:1: 392 daAuts
     D:3: 253 daAuts
     D:2: 89 daAuts
     D:5: 5 daAuts
